Map: Orbital Shipyard

Players

xKawaiian

  • Race: Terran Terran
  • League: Master

Hatorade - Winner!

  • Race: Terran Terran
  • League: Master

VOD

Have the link to the VOD?

Description

Time

  • Played on: Jan. 15, 2016, 11:56 p.m.
  • Length: 7:23
Show
View Real Time Build Order
Export as new Build Order

xKawaiian Terran 

Build Orders: Cyclone Opening 

Get SALT Encoding   

  12  0:00  SCV  
  13  0:13  SCV  
  14  0:17  Supply Depot  
  14  0:25  SCV  
  15  0:39  SCV  
  15  0:40  Barracks  
  16  0:46  Refinery  
  16  0:51  SCV  
  16  0:55  Refinery  
  17  1:03  SCV  
  18  1:15  SCV  
  19  1:27  Orbital Command  
  19  1:28  Marine  
  20  1:36  Factory  
  20  1:43  Supply Depot  
  20  1:55  Marine  
  20  1:56  SCV  
  22  2:08  SCV  
  23  2:13  Marine  
  24  2:20  SCV  
  25  2:30  Factory Tech Lab  
  25  2:31  Starport  
  25  2:38  Marine  
  26  2:44  SCV  
  26  2:50  Supply Depot, Cyclone  
  30  2:56  Marine  
  31  3:12  SCV, Medivac  
  34  3:13  Supply Depot  
  34  3:15  Marine  
  35  3:23  Siege Tank  
  35  3:24  SCV  
  35  3:25  Liberator  
  39  3:35  Marine  
  39  3:36  SCV, Supply Depot  
  44  3:54  Marine  
  45  3:57  SCV  
  46  4:06  Command Center  
  46  4:09  SCV  
  47  4:15  Siege Tank  
  50  4:27  SCV  
  50  4:28  Barracks Reactor, Starport Reactor  
  51  4:41  SCV  
  51  4:45  Barracks  
  52  4:46  Barracks  
  52  4:48  Siege Tank  
  50  5:10  Marine  
  51  5:19  Orbital Command  
  51  5:20  SCV, Siege Tank  
  41  5:28  Refinery  
  41  5:31  Medivac  
  41  5:32  Marine  
  41  5:33  Marine  
  41  5:34  Marine  
  41  5:35  SCV  
  47  5:39  Barracks Tech Lab  
  47  5:44  SCV  
  47  5:47  SCV  
  49  5:50  Marine  
  49  5:51  Marine, Medivac  
  49  5:52  Marine  
  49  5:56  SCV  
  55  5:58  Marine  
  55  5:59  Supply Depot, SCV  
  55  6:04  Medivac  
  59  6:08  SCV, Marine  
  61  6:11  SCV, Marine  
  61  6:15  Supply Depot, Marine  
  64  6:20  SCV  
  64  6:24  SCV  
  66  6:26  Marine  
  66  6:29  Marine, Medivac  
  66  6:30  Marine  
  71  6:33  SCV  
  71  6:36  SCV, Supply Depot  
  71  6:37  Marine  
  71  6:38  Supply Depot  
  74  6:43  Marine  
  74  6:44  Medivac  
  74  6:46  SCV  
  78  6:47  Marine x2  
  78  6:54  Marine  
  70  7:01  Marine  
  72  7:19  Refinery  
Show
View Real Time Build Order
Export as new Build Order

Hatorade Terran - Winner!

Build Orders: Reaper Expand 

Get SALT Encoding   

  12  0:00  SCV  
  13  0:12  SCV  
  14  0:17  Supply Depot  
  14  0:24  SCV  
  15  0:39  SCV  
  15  0:40  Barracks  
  16  0:45  Refinery  
  16  0:51  SCV  
  17  1:03  SCV  
  18  1:15  SCV  
  19  1:30  Orbital Command  
  19  1:31  Reaper  
  20  1:42  Command Center  
  19  1:56  SCV  
  20  2:02  Supply Depot  
  20  2:03  Marine  
  20  2:07  Refinery  
  21  2:10  SCV  
  21  2:14  Factory  
  22  2:22  SCV  
  23  2:23  Barracks Reactor  
  23  2:42  SCV  
  24  2:55  SCV  
  24  2:56  Orbital Command  
  25  3:00  Factory Tech Lab  
  25  3:02  Starport  
  25  3:07  SCV, Marine x2  
  28  3:19  SCV  
  29  3:22  SCV  
  29  3:23  Siege Tank  
  33  3:31  SCV  
  33  3:32  Marine x2  
  35  3:37  SCV, Supply Depot  
  36  3:43  SCV  
  36  3:46  Medivac  
  39  3:49  Supply Depot  
  39  3:50  Marine x2  
  41  3:58  SCV x2  
  43  4:04  Supply Depot  
  43  4:08  Marine  
  44  4:10  Siege Tank  
  44  4:16  Marine  
  48  4:17  Engineering Bay  
  48  4:27  Barracks  
  48  4:28  Barracks  
  48  4:35  Marine  
  48  4:36  Marine  
  47  4:48  SCV  
  47  4:49  SCV  
  48  4:53  Marine x2  
  50  5:00  SCV  
  49  5:07  SCV  
  49  5:13  SCV  
  47  5:27  SCV x2  
  47  5:29  Marine  
  47  5:30  Barracks Tech Lab  
  47  5:31  Siege Tank, Medivac  
  47  5:34  Marine  
  55  5:38  Barracks Reactor  
  55  5:39  SCV x2  
  56  5:46  Supply Depot  
  56  5:50  Refinery  
  56  5:51  SCV x2  
  58  6:03  SCV, Siege Tank  
  62  6:09  Marine x2  
  64  6:12  SCV  
  64  6:15  SCV  
  64  6:16  Supply Depot  
  64  6:18  Supply Depot  
  66  6:22  Marine x2  
  66  6:24  SCV  
  66  6:25  Marine  
  70  6:27  SCV, Marine x2  
  73  6:35  Viking  
  73  6:36  Command Center, Siege Tank  
Tags
 
Add a new tag
Caveats
  • Supply blocks, unpowered buildings, or Contaminate may cause inaccurate times.
  • Supply counts are checked every 10 seconds.